 Dungeon Crawl Stone Soup version 0.28-a0-991-g956f0ee3d5 (webtiles) character file.

Game seed: 316332730959522572

91 vurker the Magician (level 4, 19/19 HPs)
             Began as a Felid Air Elementalist on Dec 4, 2021.
             Quit the game on level 4 of the Dungeon.
             The game lasted 00:03:45 (3678 turns).

vurker the Magician (Felid Air Elementalist)        Turns: 3678, Time: 00:03:45

Health: 19/19      AC:  1    Str:  4    XL:     4   Next: 33%
Magic:  10/10      EV: 17    Int: 18    God:
Gold:   110        SH:  0    Dex: 17    Spells: 9/10 levels left
                                        Lives:  0   Deaths: 1

rFire   . . .      SeeInvis +   (weapon unavailable)
rCold   . . .      Faith    .   (shield unavailable)
rNeg    . . .      Spirit   .   (armour unavailable)
rPois   .          Reflect  .   (helmet unavailable)
rElec   .          Harm     .   (cloak unavailable)
rCorr   +          Rampage  .   (gloves unavailable)
Will    .....                   (boots unavailable)
Stlth   ++........              (no amulet)
HPRegen 0.06/turn               f - ring of resist corrosion
MPRegen 0.12/turn               (no ring)

@: quick
A: very small, claws 1, fangs 3, see invisible, speed 1, shaggy fur 1, stealthy
paws, no weapons or thrown items, no armour, multi-lived
a: no special abilities


You were on level 4 of the Dungeon.
You visited 1 branch of the dungeon, and saw 4 of its levels.

You collected 110 gold pieces.

Inventory:

Jewellery
 f - a ring of resist corrosion (left paw)
   (You found it on level 2 of the Dungeon)
Wands
 v - a wand of digging (4)
   (You found it on level 2 of the Dungeon)
Scrolls
 a - 3 scrolls of identify {unknown}
 c - a scroll of noise {unknown}
 d - a scroll of holy word {unknown}
 e - 2 scrolls of teleportation {unknown}
 g - 4 scrolls of immolation {unknown}
 h - 3 scrolls of brand weapon {unknown}
 j - a scroll of blinking {unknown}
Potions
 b - a potion of attraction {unknown}


   Skills:
 + Level 2.2 Fighting
 - Level 2.6 Dodging
 - Level 2.6 Stealth
 * Level 3.8 Spellcasting
 + Level 2.3 Conjurations
 - Level 3.0 Air Magic


You had 9 spell levels left.
You knew the following spells:

 Your Spells              Type           Power      Damage    Failure   Level
a - Shock                 Conj/Air       52%        1d6       4%          1

Your spell library contained the following spells:

 Spells                   Type           Power      Damage    Failure   Level
 Magic Dart               Conj           44%        1d5       6%          1
 Static Discharge         Conj/Air       13%        N/A       8%          2
 Swiftness                Air            14%        N/A       13%         3
 Call Imp                 Summ           3%         N/A       22%         2
 Mephitic Cloud           Conj/Pois/Air  9%         N/A       22%         3
 Airstrike                Air            7%         N/A       41%         4


Dungeon Overview and Level Annotations

Branches:
Dungeon (4/15)
 Temple: D:4-7

Altars:

Shops:
D:1 *

Annotations:
D:3 Sigmund


Innate Abilities, Weirdness & Mutations

You have sharp claws.
You have razor-sharp teeth.
You have supernaturally acute eyesight. (SInv)
You cover ground quickly. (Speed+)
You are covered in fur. (AC +1)
Your paws help you pounce on unaware monsters.
You are incapable of wielding weapons or throwing items.
You cannot wear armour.
You gain extra lives every three experience levels.


Message History

The zap misses the orc.
Aim: an orc, wielding a +0 short sword and wearing a +0 leather armour (heavily wounded, 68% to hit)
The zap hits the orc.
You hear a shout!
Aim: an orc, wielding a +0 short sword and wearing a +0 leather armour (severely wounded, 68% to hit)
The zap hits the orc but does no damage.
Aim: an orc, wielding a +0 short sword and wearing a +0 leather armour (severely wounded, 68% to hit)
The zap hits the orc. x2
You kill the orc!
You can't see any susceptible monsters within range! (Use Z to cast anyway.)
You can't see any susceptible monsters within range! (Use Z to cast anyway.)
An orc priest comes into view. It is wielding a +0 whip of venom.
An orc priest is nearby!
Aim: an orc priest, wielding a +0 whip of venom (wandering, hasn't noticed you, 68% to hit)
The zap hits the orc priest.
The orc priest shouts!
You hear a shout! x2
An orc wizard comes into view. It is wielding a +0 dagger.
Aim: an orc priest, wielding a +0 whip of venom (moderately wounded, 68% to hit)
The zap hits the orc priest. x2
Aim: an orc priest, wielding a +0 whip of venom (almost dead, 68% to hit)
The zap misses the orc priest.
The zap hits the orc wizard. x2
The zap hits the orc priest.
You kill the orc priest!
The orc wizard points at you and mumbles some strange words.
The magic dart hits you!
Ouch! That really hurt!
* * * LOW HITPOINT WARNING * * *
The zap hits the orc wizard. x2
A goblin comes into view. It is wielding a +0 dagger.
The zap hits the orc wizard.
The zap hits the orc wizard.
An orc comes into view. It is wielding a +0 short sword.
The orc wizard closely misses you.
The zap hits the orc wizard.
The orc shouts!
An orc priest comes into view. It is wielding a +0 hand axe.
The orc wizard gestures at you while chanting.
The puff of flame hits you!
* * * LOW HITPOINT WARNING * * *
Okay, then.
An ogre comes into view. It is wielding a +0 giant club.
The orc wizard casts a spell.
The orc wizard flickers and vanishes for a moment.
The orc wizard casts a spell at you. The magic dart hits you!
You die...
You are now level 4!
You rejoin the land of the living...
Found 8 stones.
Found a stone staircase leading up.
Unknown command.

#< #.#
.##.####
.......#
..#.#.# ###
#.....#
....##.#.#.#
#..(.....#
#..@...#
######## #
.. ... ...
...


There were no monsters in sight!

Vanquished Creatures
  An orc priest (D:4)
  Jessica (D:3)
  5 adders
  2 dart slugs
  3 orcs
  6 ball pythons
  5 bats
  5 endoplasms
  2 giant cockroaches (D:2)
  4 hobgoblins
  2 frilled lizards
  15 goblins
  4 kobolds
  9 rats
64 creatures vanquished.

Vanquished Creatures (others)
  Robin (D:3)
  A hobgoblin (D:3)
  2 plants (D:4)
4 creatures vanquished.

Grand Total: 68 creatures vanquished

Notes
Turn   | Place    | Note
-------+----------+-------------------------------------------
     0 | D:1      | vurker the Felid Air Elementalist began the quest for the
                  | Orb.
     0 | D:1      | Reached XP level 1. HP: 7/7 MP: 4/4
    82 | D:1      | Found Deunuge's Assorted Antiques.
   120 | D:1      | Reached skill level 1 in Conjurations
   444 | D:1      | Reached XP level 2. HP: 11/11 MP: 4/6
   730 | D:1      | Found a faded altar of an unknown god.
  1139 | D:2      | Reached XP level 3. HP: 9/15 MP: 3/7
  1578 | D:2      | Reached skill level 1 in Fighting
  2388 | D:3      | Noticed Sigmund
  2416 | D:3      | Reached XP level 4. HP: 17/19 MP: 3/9
  3004 | D:3      | Noticed Robin
  3030 | D:3      | Your ally Robin died
  3162 | D:3      | Noticed Jessica
  3171 | D:3      | Killed Jessica
  3243 | D:3      | Reached XP level 5. HP: 21/22 MP: 2/11
  3675 | D:4      | Noticed an ogre
  3677 | D:4      | Killed from afar by an orc wizard
  3678 | D:4      | Reached XP level 4. HP: -5/19 MP: 0/10
  3678 | D:4      | Quit the game

Illustrated notes

Levels and vault maps discovered:
D:1:      minmay_arrival_solitary_statue, layout_rooms,
          hellmonk_ecumenical_altar_slurped_away, serial_shops,
          nicolae_shop_overgrown_old_shop
D:2:      layout_loops_corners
D:3:      layout_rooms, nrook_campfire, uniq_jessica, uniq_robin, uniq_sigmund
D:4:      layout_basic, minmay_temple_entry_junction, serial_glass,
          glass_columns_a, glass_columns_a, item_on_display_a,
          item_on_display_a, minmay_strange_pillars, chequers_big_river,
          uniq_duvessa

Skill      XL: |  1  2  3  4 |
---------------+-------------+-----
Conjurations   | 1 2 |  2.3
Air Magic      | 3 |  3.0
Fighting       | 1 2 |  2.2
Spellcasting   | 3 |  3.8
Dodging        | |  2.6
Stealth        | |  2.6

Action                   |  1- 3 |  4- 6 || total
-------------------------+-------+-------++-------
Melee: Unarmed           |     7 |     5 ||    12
       Bite              |     1 |       ||     1
 Cast: Shock             |    74 |    78 ||   152
Evoke: Wand              |       |     4 ||     4
Armor: Skin              |     1 |     1 ||     2
Dodge: Dodged            |     7 |    14 ||    21

Table legend: (Time is in decaauts)
 A = Elapsed time spent in this place.
 B = Non-inter-level travel time spent in this place.
 C = Inter-level travel time spent in this place.
 D = Time resting spent in this place.
 E = Time spent auto-exploring this place.
 F = Levels seen in this place.
 G = Mean time per level.
                   A        B        C        D        E       F      G
               +--------+--------+--------+--------+--------+-----+--------+
         Total |   3304 |   3157 |    147 |     17 |   2717 |   4 |  826.0 |
       Dungeon |   3304 |   3157 |    147 |     17 |   2717 |   4 |  826.0 |
               +--------+--------+--------+--------+--------+-----+--------+

Top non-repeatable levels by time:
     D:2: 1331 daAuts
     D:3: 1074 daAuts
     D:1: 838 daAuts
     D:4: 59 daAuts
